Map: Frozen Temple

Players

Miszu - Winner!

  • Race: Terran Terran
  • League: Master

TAGurPRGNANT

  • Race: Terran Terran
  • League: Master

VOD

Have the link to the VOD?

Description

Time

  • Played on: April 1, 2016, 3:40 p.m.
  • Length: 4:34
Show
View Real Time Build Order
Export as new Build Order

Miszu Terran - Winner!

Build Orders:  

Get SALT Encoding   

  12  0:00  SCV  
  13  0:13  SCV  
  14  0:19  Supply Depot  
  14  0:25  SCV  
  15  0:41  Barracks  
  15  0:52  Barracks  
  15  0:59  Refinery  
  15  1:05  Refinery  
  15  1:21  Barracks  
  15  1:37  Reaper  
  16  1:45  Supply Depot  
  17  1:56  Supply Depot  
  17  2:09  Reaper  
  17  2:10  Reaper  
  17  2:11  Reaper  
  19  2:41  Reaper  
  19  2:42  Reaper  
  19  2:43  Reaper  
  19  3:01  SCV  
  20  3:13  Reaper  
  20  3:14  Reaper  
  20  3:15  Reaper  
  22  3:45  Reaper  
  22  3:46  Reaper  
  22  3:47  Reaper  
  21  3:49  SCV  
  22  4:01  SCV  
Show
View Real Time Build Order
Export as new Build Order

TAGurPRGNANT Terran 

Build Orders:  

Get SALT Encoding   

  12  0:00  SCV  
  13  0:12  SCV  
  14  0:18  Supply Depot  
  14  0:25  SCV  
  15  0:40  SCV  
  15  0:42  Barracks  
  16  0:46  Refinery  
  16  0:52  SCV  
  17  1:04  SCV  
  18  1:16  SCV  
  19  1:29  Reaper  
  19  1:30  Orbital Command  
  20  1:37  Barracks  
  20  1:41  Barracks  
  20  1:46  Refinery  
  20  1:52  Supply Depot  
  20  2:01  Reaper  
  21  2:09  Bunker  
  21  2:15  SCV  
  22  2:26  Reaper  
  23  2:30  Reaper  
  24  2:37  Reaper  
  20  2:58  Reaper  
  20  3:03  Reaper  
  21  3:06  SCV  
  21  3:09  Reaper  
  23  3:18  SCV  
  21  3:30  Reaper, SCV  
  20  3:35  Reaper  
  18  3:41  Reaper  
  18  3:47  SCV  
  18  3:59  SCV  
  17  4:11  SCV  
Tags
 
Matchup
TvT
Player
Miszu
Race
Terran
Add a new tag
Caveats
  • Supply blocks, unpowered buildings, or Contaminate may cause inaccurate times.
  • Supply counts are checked every 10 seconds.